cohdb
Replays
Latest Replays
All Replays
Popular Replays
Top Player Replays
Match Explorer
How It Works
Community
CoH3 Stats
Reddit
Sign in to upload your games and track your stats! →
Sign in with Steam
Match 44618905
Unlisted
Match 44618905
Overview
Messages
Build Orders
End
Construct Infanterie Kompanie
Grenadier Squad
MG 42 Machine Gun Team
Grenadier Squad
MG 42 Machine Gun Team
Construct Luftwaffe Kompanie
Jäger Squad
Selects Terror Battlegroup
Selects Machine Gun Camouflage
Jäger Squad
Kettenkrad Recon Vehicle
Selects Defend the Fatherland
Construct Panzer Kompanie
Panzer IV Medium Tank
Stoßtruppen Squad
Pioneer Squad
Construct Panzergrenadier Kompanie
Selects King Tiger Heavy Tank
Support Elements
Nebelwerfer 42 Rocket Launcher Team
Nebelwerfer 42 Rocket Launcher Team
Panzer IV Medium Tank
Pak 40 Anti-tank Gun Team
Panzer IV Medium Tank
Pioneer Squad
Selects Interrogate
Selects Jericho Trumpet
Panzer IV Medium Tank
Wirbelwind Flakpanzer
Stoßtruppen Squad
MG 42 Bunker
Jericho Trumpet
MG 42 Bunker
Etgo
Hk
Jarkke
Setti-Veke
Basgo
MarkEsVonHinten
Ragnar Lothbrok (German)
E상한독사
0
0
Comments
sign in to comment!
No comments posted yet!